 Dungeon Crawl Stone Soup version 0.28.0-53-g5a82cb258f (webtiles) character file.

Game seed: 2204566189313076170

331 safid the Chopper (level 6, -5/52 HPs)
             Began as a Hill Orc Fighter on Aug 16, 2022.
             Slain by Pikel
             ... wielding a +1 whip of electrocution
              (15 damage)
             ... on level 4 of the Dungeon.
             The game lasted 00:02:55 (3527 turns).

safid the Chopper (Hill Orc Fighter)                Turns: 3527, Time: 00:02:56

Health: -5/52      AC: 10    Str: 27    XL:     6   Next: 51%
Magic:  6/6        EV:  9    Int:  8    God:
Gold:   127        SH:  4    Dex: 10    Spells: 5/5 levels left

rFire   . . .      SeeInvis .   a - +0 war axe
rCold   . . .      Faith    .   c - +0 buckler
rNeg    . . .      Spirit   .   b - +0 scale mail
rPois   .          Reflect  .   (no helmet)
rElec   .          Harm     .   h - +2 cloak
rCorr   .          Rampage  .   (no gloves)
Will    .....                   (no boots)
Stlth   ..........              (no amulet)
HPRegen 0.17/turn               j - +6 ring of strength
MPRegen 0.10/turn               (no ring)

@: no status effects
A: no striking features
a: no special abilities


You were on level 4 of the Dungeon.
You visited 1 branch of the dungeon, and saw 4 of its levels.

You collected 127 gold pieces.

Inventory:

Hand Weapons
 a - a +0 war axe (weapon)
Missiles
 q - 6 poisoned darts (quivered)
Armour
 b - a +0 scale mail (worn)
 c - a +0 buckler (worn)
 h - a +2 cloak (worn)
Jewellery
 j - a +6 ring of strength (left hand)
 m - an amulet of faith
 u - a +6 ring of strength
Scrolls
 e - 3 scrolls of identify {unknown}
 g - a scroll of brand weapon {unknown}
 i - 3 scrolls of teleportation {unknown}
 l - a scroll of enchant armour {unknown}
 o - 3 scrolls of amnesia {unknown}
 p - a scroll of enchant weapon {unknown}
 r - a scroll of magic mapping {unknown}
 s - a scroll of fear {unknown}
 v - a scroll of immolation {unknown}
 w - a scroll of silence {unknown}
Potions
 d - 3 potions of might
 f - 2 potions of heal wounds {unknown}
 k - 3 potions of resistance {unknown}
 n - a potion of flight {unknown}
 t - a potion of curing {unknown}


   Skills:
 - Level 4.0 Fighting
 + Level 7.8 Axes
 - Level 4.0 Armour
 - Level 4.0 Shields


You had 5 spell levels left.
You didn't know any spells.
Your spell library contained the following spells:

 Spells                   Type           Power      Damage    Failure   Level
 Animate Skeleton         Necr           0%         N/A       77%         1
 Foxfire                  Conj/Fire      0%         2x1d4     77%         1
 Pain                     Necr           0%         1d4       77%         1
 Conjure Flame            Conj/Fire      0%         6-21      98%         3
 Inner Flame              Hex/Fire       0%         N/A       98%         3
 Vampiric Draining        Necr           0%         2d6       98%         3
 Flame Wave               Conj/Fire      0%         2d4       100%        4


Dungeon Overview and Level Annotations

Branches:
Dungeon (4/15)
 Temple: D:4-7

Altars:
Qazlal

Annotations:
D:4 Pikel


Message History

The lemure hits you.
You slash the lemure!
The lemure is almost dead.
You closely miss the lemure. The lemure hits you but does no damage.
The lemure hits you.
You hit the lemure.
You kill the lemure!
That felt strangely unrewarding.
You hit the lemure.
The orc throws a javelin.
The javelin closely misses you.
The javelin pierces through the lemure.
The lemure hits you.
You barely miss the orc. You miss the lemure. You closely miss the lemure.
The lemure hits you! The lemure hits you but does no damage.
The orc hits you with a +0 mace.
Unknown command.
You hit the orc.
The orc is almost dead.
You hit the lemure. You hit the lemure but do no damage.
The lemure hits you but does no damage. The lemure barely misses you.
The orc hits you but does no damage. You block the lemure's attack.
You slash the orc!
You kill the orc!
You slash the lemure! You hit the lemure but do no damage. The lemure hits you.
The lemure hits you but does no damage.
You closely miss Pikel. You closely miss the lemure.
You hit the lemure but do no damage. The lemure misses you.
Pikel hits you with a +1 whip of electrocution.
You are electrocuted!
The lemure barely misses you.
You closely miss Pikel. You hit the lemure.
You hit the lemure but do no damage. The lemure hits you.
Pikel hits you but does no damage. The lemure hits you.
* * * LOW HITPOINT WARNING * * *
The lemure hits you.
* * * LOW HITPOINT WARNING * * *
Unknown command.
You hit Pikel but do no damage. You hit the lemure. x2
You completely miss the lemure. The lemure barely misses you.
Pikel hits you with a +1 whip of electrocution.
* * * LOW HITPOINT WARNING * * *
You are electrocuted!
You die...

..###..# .......
.<.....######. ....#
.............# ....# #
....##.#####.###>#.##)##
#.#.##.#####........oo..
#.#.##..........)..#
#.#.##..###..#.#o###
........# #..#.#K#
^.......###....#@####.#
###............555....#
.................######
#####...########## ##.##
###


You could see Pikel, 3 lemures and an orc.

Vanquished Creatures
  An ogre (D:4)
  A lemure (D:4)
  A howler monkey (D:3)
  A hound (D:4)
  5 adders
  4 gnolls (D:2)
  An adder skeleton (D:4)
  A worm (D:2)
  3 dart slugs
  An orc (D:4)
  6 endoplasms
  13 giant cockroaches
  8 goblins
  8 hobgoblins
  2 jackals (D:4)
  2 quokkas
  8 ball pythons
  4 bats
  2 frilled lizards (D:1)
  7 kobolds
  4 rats
83 creatures vanquished.

Vanquished Creatures (others)
  10 plants (D:3)
10 creatures vanquished.

Grand Total: 93 creatures vanquished

Notes
Turn   | Place    | Note
-------+----------+-------------------------------------------
     0 | D:1      | safid the Hill Orc Fighter began the quest for the Orb.
     0 | D:1      | Reached XP level 1. HP: 19/19 MP: 1/1
    55 | D:1      | Reached skill level 3 in Axes
    55 | D:1      | Reached XP level 2. HP: 12/22 MP: 2/2
   532 | D:1      | Reached XP level 3. HP: 29/30 MP: 3/3
  1350 | D:2      | Reached XP level 4. HP: 40/40 MP: 4/4
  1578 | D:2      | Reached skill level 4 in Axes
  1647 | D:2      | Reached skill level 5 in Axes
  1933 | D:2      | Reached XP level 5. HP: 42/46 MP: 5/5
  2209 | D:3      | Reached skill level 6 in Axes
  2593 | D:3      | Found a stormy altar of Qazlal.
  3134 | D:4      | Noticed an ogre
  3142 | D:4      | Reached skill level 7 in Axes
  3142 | D:4      | Reached XP level 6. HP: 44/52 MP: 6/6
  3507 | D:4      | Noticed Pikel
  3527 | D:4      | Slain by Pikel

Illustrated notes

Levels and vault maps discovered:
D:1:      dpeg_arrival_orchard, layout_basic, feat_on_display
D:2:      layout_basic, kennysheep_generic_room_12
D:3:      minmay_roachtagon, layout_loops_ring, mainiacjoe_overflow_alcove_1,
          serial_bayou, serial_bayou_pond_c, serial_bayou_ford_a,
          serial_bayou_shore_b, serial_bayou_lagoon_a
D:4:      layout_loops_ring, zin_treasury, dk_vineyard_3, uniq_pikel

Skill      XL: |  1  2  3  4  5 |
---------------+----------------+-----
Axes           | 3 5 7 |  7.8
Fighting       | 4 |  4.0
Shields        | 4 |  4.0
Armour         | 4 |  4.0

Action                   |  1- 3 |  4- 6 || total
-------------------------+-------+-------++-------
Melee: War axe           |   106 |   145 ||   251
Armor: Scale mail        |    52 |    89 ||   141
Dodge: Dodged            |    59 |    62 ||   121
Block: Buckler           |    20 |    37 ||    57
